 Dungeon Crawl Stone Soup version 0.29.0-11-gd7f09526c8 (webtiles) character file.

Game seed: 520654365671434324

108 Gabide the Sneak (level 4, -3/44 HPs)
             Began as a Naga Monk on Sept 5, 2022.
             Slain by an orc warrior
             ... wielding a +0 mace
              (14 damage)
             ... on level 3 of the Dungeon.
             The game lasted 00:06:13 (3830 turns).

Gabide the Sneak (Naga Monk)                        Turns: 3830, Time: 00:06:13

Health: -3/44      AC:  6    Str: 13    XL:     4   Next: 87%
Magic:  4/4        EV:  9    Int: 10    God:
Gold:   120        SH:  0    Dex: 16    Spells: 3/3 levels left

rFire   . . .      SeeInvis +   a - +0 dagger
rCold   . . .      Faith    .   (no shield)
rNeg    . . .      Spirit   .   c - +3 ring mail
rPois   +          Reflect  .   (no helmet)
rElec   .          Harm     .   (no cloak)
rCorr   .          Rampage  .   (no gloves)
Will    .....                   (no barding)
Stlth   ++........              (no amulet)
HPRegen 0.14/turn               (no ring)
MPRegen 0.09/turn               (no ring)

@: about to teleport, very slow
A: AC +1, large, see invisible, deformed body, poison resistance, slowness 2,
spit poison 1, naga tail 1
a: Spit Poison


You were on level 3 of the Dungeon.
You visited 1 branch of the dungeon, and saw 4 of its levels.

You collected 120 gold pieces.

Inventory:

Hand Weapons
 a - a +0 dagger (weapon)
 j - a +0 short sword
Missiles
 e - 3 boomerangs
 l - 4 atropa-tipped darts
Armour
 b - a +0 robe
 c - a +3 ring mail (worn)
Scrolls
 k - a scroll of enchant weapon {unknown}
 p - a scroll of magic mapping {unknown}
 q - a scroll of poison
Potions
 d - a potion of haste {unknown}
 f - 2 potions of curing
 g - a potion of brilliance {unknown}
 i - 2 potions of mutation {unknown}
 m - a potion of heal wounds {unknown}
 n - 3 potions of resistance {unknown}
 o - a potion of degeneration {unknown}


   Skills:
 + Level 3.6 Fighting
 + Level 3.8 Short Blades
 * Level 0.0 Armour
 + Level 3.0 Dodging
 + Level 4.5 Stealth


You had 3 spell levels left.
You didn't know any spells.
Your spell library contained the following spells:

 Spells                   Type           Power      Damage    Failure   Level
 Summon Small Mammal      Summ           0%         N/A       63%         1
 Blink                    Tloc           0%         N/A       77%         2
 Call Canine Familiar     Summ           0%         N/A       94%         3
 Summon Guardian Golem    Hex/Summ       0%         N/A       94%         3
 Manifold Assault         Tloc           0%         N/A       100%        5
 Storm Form               Tmut/Air       0%         N/A       100%        7


Dungeon Overview and Level Annotations

Branches:
Dungeon (4/15)
 Temple: D:4-7

Altars:


Innate Abilities, Weirdness & Mutations

Your serpentine skin is tough. (AC +1)
You have supernaturally acute eyesight. (SInv)
Armour fits poorly on your strangely shaped body.
Your system is resistant to poisons. (rPois)
You cover ground very slowly.
You can spit poison.
You have a snake-like lower body.


Message History

You start waiting.
Done waiting.
Done exploring.
There is a stone staircase leading down here.
You climb downwards.
There is a stone staircase leading up here.
The helpless orc fails to defend itself.
You impale the orc!!
You kill the orc!
An orc warrior and an orc priest come into view.
Things that are here:
a +0 whip; 3 boomerangs; an orc corpse An orc comes into view.
It is wielding a +0 dagger.
The orc warrior shouts!
The orc shouts!
Throw: 5 darts (atropa)
Press: ? - help, Shift-Dir - straight line, f - orc warrior
Aim: an orc warrior, wielding a +0 mace and wearing a +0 plate armour (60% to hit, chance to blind on hit: 72%)
You throw an atropa-tipped dart.
The atropa-tipped dart hits the orc warrior.
The orc warrior appears confused.
You hit the orc warrior but do no damage.
The orc warrior seems less confused.
The orc warrior barely misses you.
You barely miss the orc warrior. The orc warrior barely misses you.
You hit the orc warrior but do no damage.
The orc warrior hits you but does no damage.
The orc warrior is no longer blind.
The orc warrior hits you with a +0 mace!
Things that are here:
a +0 whip; 3 boomerangs; an orc corpse The orc warrior hits you with a +0 mace!
There is a stone staircase leading up here.
The orc warrior hits you with a +0 mace!
* * * LOW HITPOINT WARNING * * *
You climb upwards.
There is a stone staircase leading down here.
As you read the scroll of teleportation, it crumbles to dust.
You feel strangely unstable. The orc warrior barely misses you.
The orc warrior attacks as you move away!
The orc warrior hits you with a +0 mace!
You die...

### ###### #
#.############.##.####### #
#............#..#......)# #
#.##########.#..#.#####.# #
#.##########.#..........# #
#........o.#...##.#.#######
#######..#######@#......#........
......#..........#.#.####.######.
.......#.#########.#......# #.
########.# #.#############. #
#...#.# #####.#..........##. #
#.#.#.#####...#.#.########.##. #
#.#.#.........#.#.# #.##.##.
####'#.#######...#.#.# #....##.
..)....##........#.#.# #.#####.


You could see an orc warrior.

Vanquished Creatures
  4 adders
  2 dart slugs
  6 orcs
  5 ball pythons
  3 bats
  6 endoplasms
  4 giant cockroaches
  5 hobgoblins
  4 jackals
  A quokka (D:2)
  2 frilled lizards (D:1)
  3 goblins
  7 kobolds
  5 rats
57 creatures vanquished.

Notes
Turn   | Place    | Note
-------+----------+-------------------------------------------
     0 | D:1      | Gabide the Naga Monk began the quest for the Orb.
     0 | D:1      | Reached XP level 1. HP: 21/21 MP: 1/1
   331 | D:1      | Reached XP level 2. HP: 19/28 MP: 2/2
  1071 | D:1      | Reached XP level 3. HP: 32/34 MP: 3/3
  1164 | D:1      | Found a faded altar of an unknown god.
  1488 | D:2      | Reached skill level 4 in Stealth
  1888 | D:2      | Reached XP level 4. HP: 36/42 MP: 4/4
  3817 | D:4      | Noticed an orc warrior
  3830 | D:3      | Slain by an orc warrior

Illustrated notes

Levels and vault maps discovered:
D:1:      wander_arrival_abandoned_jail, layout_basic, basic_ecumenical_altar
D:2:      layout_loops_corners
D:3:      layout_basic
D:4:      layout_basic, minmay_misc_feat_iff, uniq_sigmund

Skill      XL: |  1  2  3  4 |
---------------+-------------+-----
Stealth        | 4 |  4.5
Dodging        | 3 |  3.0
Fighting       | |  3.6
Short Blades   | |  3.8

Action                   |  1- 3 |  4- 6 || total
-------------------------+-------+-------++-------
Melee: Short sword       |    54 |       ||    54
       Dagger            |    25 |    70 ||    95
Throw: Boomerang         |     2 |       ||     2
       Dart              |       |     1 ||     1
 Abil: Spit Poison       |    42 |    27 ||    69
  Use: Scroll            |     1 |     2 ||     3
       Potion            |       |     2 ||     2
 Stab: Sleeping          |     1 |     3 ||     4
Armor: Robe              |    14 |     6 ||    20
       Ring mail         |       |     1 ||     1
Dodge: Dodged            |    36 |    38 ||    74
